 Dungeon Crawl Stone Soup version 0.24.0-123-gd5b16e6ec5 (webtiles) character file.

Game seed: 2726929981193473078, levelgen mode: deterministic

44774 Mesmaeker13 the Earth Mage (level 13, -4/86 HPs)
             Began as a Grey Draconian Earth Elementalist on Feb 9, 2020.
             Was an Elder of Sif Muna.
             Slain by a death yak (16 damage)
             ... on level 5 of the Lair of Beasts on Feb 11, 2020.
             The game lasted 00:49:45 (25880 turns).

Mesmaeker13 the Earth Mage (DrEE)                  Turns: 25880, Time: 00:49:45

Health: -4/86      AC: 15    Str: 10    XL:     13   Next: 98%
Magic:  6/20       EV: 19    Int: 20    God:    Sif Muna [****..]
Gold:   917        SH:  5    Dex: 13    Spells: 0/18 levels left

rFire    . . .     SeeInvis .   E - +9 spear "Onodwito" {venom, rPois Stlth+}
rCold    . . .     Gourm    .   S - +0 buckler
rNeg     . . .     Faith    .   (armour unavailable)
rPois    +         Spirit   .   (helmet restricted)
rElec    .         Reflect  .   s - +0 cloak
rCorr    .         Harm     .   D - +0 pair of gloves
MR       .....                  (no boots)
Stlth    +++.......             B - amulet of magic regeneration
HPRegen  0.24/turn              v - ring of poison resistance
MPRegen  0.42/turn              U - ring of flight

@: about to teleport
A: walk through water, unfitting armour, unbreathing, cold-blooded, AC +13
a: Channel Magic, Forget Spell, Divine Exegesis, Renounce Religion, Evoke Flight


You were on level 5 of the Lair of Beasts.
You worshipped Sif Muna.
Sif Muna was greatly pleased with you.
You were hungry.

You visited 3 branches of the dungeon, and saw 17 of its levels.

You collected 917 gold pieces.

Inventory:

Hand Weapons
 i - a +1 eveningstar of protection
 E - the +9 spear "Onodwito" (weapon) {venom, rPois Stlth+}
   (You found it on level 7 of the Dungeon)

   It poisons the flesh of those it strikes.
   It protects you from poison.
   It makes you more stealthy.
 L - a +2 long sword of holy wrath
 W - a +0 quick blade
Missiles
 b - 163 stones (quivered)
 y - 3 curare-tipped darts
 H - 3 throwing nets
Armour
 s - a +0 cloak (worn)
 D - a +0 pair of gloves (worn)
 K - a +0 shield
 S - a +0 buckler (worn)
Magical Staves
 Q - an uncursed staff of earth
Jewellery
 v - a ring of poison resistance (left hand)
 B - an amulet of magic regeneration (around neck)
 C - an uncursed ring of resist corrosion
 M - an uncursed amulet of regeneration
 R - an uncursed amulet of the gourmand
 U - a ring of flight (right hand)
Wands
 u - a wand of scattershot (3)
Scrolls
 g - 4 scrolls of enchant weapon
 j - 2 scrolls of magic mapping
 m - 3 scrolls of teleportation
 t - 5 scrolls of immolation
 w - a scroll of enchant armour {unknown}
 x - a scroll of brand weapon {unknown}
 z - 3 scrolls of amnesia
 A - 10 scrolls of remove curse
 J - a scroll of silence {unknown}
 O - a scroll of noise {unknown}
 V - a scroll of fear {unknown}
Potions
 a - a potion of agility
 d - 3 potions of haste
 e - a potion of resistance
 f - 3 potions of degeneration {unknown}
 h - a potion of heal wounds
 l - 4 potions of curing
 n - 2 potions of berserk rage {unknown}
 o - 3 potions of brilliance
 p - 4 potions of flight
 r - 3 potions of mutation {unknown}
 F - a potion of cancellation {unknown}
 G - 2 potions of ambrosia {unknown}
 N - a potion of magic {unknown}
 P - a potion of lignification {unknown}
Miscellaneous
 k - 2 phantom mirrors
 I - a lamp of fire (inert)
Comestibles
 c - 13 rations


   Skills:
 - Level 11.0 Dodging
 - Level 1.8 Stealth
 + Level 5.7 Shields
 - Level 3.0 Spellcasting
 - Level 10.5 Conjurations
 + Level 7.6 Necromancy
   Level 1.0 Transmutations
 + Level 15.4 Earth Magic
 - Level 10.0 Invocations


You couldn't memorise any spells.
You knew the following spells:

 Your Spells              Type           Power        Failure   Level  Hunger
a - Sandblast             Erth           ######       1%          1    None
b - Stone Arrow           Conj/Erth      ######       1%          3    ###....
c - Lee's Rapid Deconstr  Erth           ######....   1%          5    ######.
d - Animate Dead          Necr           N/A          6%          4    ####...
e - Borgnjor's Vile Clut  Necr/Erth      #####.....   3%          5    ######.

Your spell library contained the following spells:

 Spells                   Type           Power        Failure   Level  Hunger
 Animate Skeleton         Necr           N/A          1%          1    None
 Magic Dart               Conj           ####         1%          1    None
 Pain                     Necr           ####         1%          1    None
 Corpse Rot               Necr           N/A          1%          2    ##.....
 Passwall                 Tmut/Erth      #####...     1%          2    ##.....
 Searing Ray              Conj           #####.       1%          2    ##.....
 Sublimation of Blood     Necr           ####......   1%          2    ##.....
 Vampiric Draining        Necr           ####......   1%          3    ###....
 Iskenderun's Mystic Bla  Conj           #####...     1%          4    ####...
 Dazzling Spray           Conj/Hex       ###...       4%          3    ###....
 Petrify                  Tmut/Erth      #####...     4%          4    ####...
 Regeneration             Chrm/Necr      ###.......   9%          3    ###....
 Force Lance              Conj/Tloc      ###.....     16%         4    ####...
 Fulminant Prism          Conj/Hex       ###.......   16%         4    ####...
 Recall                   Summ/Tloc      N/A          38%         3    ###....
 Death Channel            Necr           ####......   67%         6    #######
 Cause Fear               Hex            #.........   80%         4    ####...
 Summon Lightning Spire   Summ/Air       #.......     80%         4    ####...
 Conjure Ball Lightning   Conj/Air       ###.......   94%         6    #######
 Yara's Violent Unravell  Hex/Tmut       #.........   97%         5    ######.
 Silence                  Hex/Air        #.........   98%         5    ######.
 Simulacrum               Ice/Necr       ###.......   99%         6    #######
 Deflect Missiles         Chrm/Air       #.........   100%        6    #######
 Discord                  Hex            #.........   100%        8    #######
 Tornado                  Air            #.........   100%        9    #######


Dungeon Overview and Level Annotations

Branches:
Dungeon (10/15)            Temple (1/1) D:6            Lair (6/6) D:9
 Shoals (0/4) Lair:4        Snake (0/4) Lair:2        Slime (0/5) Lair:6
    Orc: D:9-12

Altars:
Ashenzari
Cheibriados
Dithmenos
Elyvilon
Fedhas
Gozag
Hepliaklqana
Kikubaaqudgha
Makhleb
Nemelex Xobeh
Okawaru
Qazlal
Ru
Sif Muna
Trog
Uskayaw
Vehumet
Wu Jian
Xom
Yredelemnul
Zin
The Shining One
Jiyva


Innate Abilities, Weirdness & Mutations

You can walk through water.
Your dull iron-grey scales are very hard. (AC +13)
You cannot fit into any form of body armour.
You can survive without breathing.
You are cold-blooded and may be slowed by cold attacks.


Message History

Casting: Sandblast (safe; 1% risk of failure)
Confirm with . or Enter, or press ? or * to list all spells.
Aiming: Stone Arrow (safe; 1% risk of failure)
Press: ? - help, Shift-Dir - straight line, f/p - death yak
Aim: a death yak (severely wounded)
The stone arrow hits the death yak!
The death yak is almost dead.
The death yak gores you!
* * * LOW HITPOINT WARNING * * *
Casting: Stone Arrow (safe; 1% risk of failure)
Confirm with . or Enter, or press ? or * to list all spells.
You don't have enough magic to cast that spell.
Unknown command.
The death yak gores you!
* * * LOW HITPOINT WARNING * * *
Okay, then.
You feel better. The death yak completely misses you.
As you read the scroll of teleportation, it crumbles to dust.
You feel strangely unstable. The death yak gores you!
You die...

..#.##### ##..P...P.........
.....#P.########........P........
##......##....#.....#.#.#........
.##..#.#........P.P..###...#.....
.##...........##....P####........
.#........###..#...............#.
.##.....##.####...........#..P###
.#..8...#### #....###....#.#....#
.......#### ###@..##...##.......
.......#..# #P.Y...######.......
.....##...# ##P......# #........
.8..###..####........## #........
...###....##..........####.......
..## ##...###......###..###......
..# ##...##......###....###.....
### #.#..###.....##......#......
#.#####....####..................


You could see a death yak.

Vanquished Creatures
  Harold (D:8)
  4 hydras
  2 two-headed ogres
  11 death yaks
  Urug (Lair:2)
  Pikel (D:9)
  3 elephants (Lair:6)
  4 black mambas
  A molten gargoyle (Lair:5)
  11 spiny frogs
  A gargoyle (D:10)
  A rime drake (Lair:2)
  7 komodo dragons
  A merfolk (Lair:4)
  2 polar bears (Lair:2)
  28 blink frogs
  3 dream sheep (Lair:5)
  A hornet (D:6)
  11 hippogriffs
  11 spriggans
  A wraith (D:10)
  24 yaks
  2 wyverns
  2 hungry ghosts (D:8)
  Menkaure (D:6)
  14 water moccasins
  3 hell hounds (Lair:6)
  6 porcupines
  An orc warrior (D:8)
  5 ice beasts
  2 black bears
  4 sky beasts (D:6)
  A necrophage (D:10)
  3 phantoms
  2 ogres (D:5)
  16 wolves
  7 centaurs
  5 crocodiles
  A gnoll sergeant (D:9)
  17 bullfrogs
  3 scorpions
  4 wights
  A howler monkey (D:6)
  10 crimson imps
  4 hounds
  2 jellies
  A centaur skeleton (D:6)
  An orc priest (D:4)
  Crazy Yiuf (D:2)
  3 bullfrog skeletons
  Ijyb (D:4)
  7 hell rats
  An iguana (D:7)
  10 orc wizards
  7 worker ants
  A hound skeleton (D:4)
  2 worker ant zombies
  12 adders
  7 gnolls
  A howler monkey skeleton (D:6)
  3 shadow imps
  2 oozes (D:1)
  An adder skeleton (D:4)
  8 worms
  3 dart slugs
  5 leopard geckos
  40 orcs
  7 bats
  6 giant cockroaches
  11 goblins
  4 hobgoblins
  7 jackals
  4 quokkas
  A ball python (D:3)
  4 frilled lizards
  4 kobolds
  A quokka skeleton (D:8)
  12 rats
  A fungus (Lair:5)
425 creatures vanquished.

Vanquished Creatures (collateral kills)
  An elephant (Lair:6)
  A blink frog (Lair:5)
  2 dream sheep (Lair:5)
  A water moccasin (Lair:6)
5 creatures vanquished.

Vanquished Creatures (others)
  Joseph (D:8)
  A blink frog (Lair:3)
  A yak (Lair:2)
  2 slaves (D:9)
  A bullfrog (Lair:2)
  2 bushes
  7 fungi
  11 plants
26 creatures vanquished.

Grand Total: 456 creatures vanquished

Notes
Turn   | Place    | Note
-------+----------+-------------------------------------------
     0 | D:1      | Mesmaeker13 the Draconian Earth Elementalist began the
                  | quest for the Orb.
     0 | D:1      | Reached XP level 1. HP: 14/14 MP: 3/3
   126 | D:1      | Reached XP level 2. HP: 20/20 MP: 0/5
   979 | D:1      | Reached XP level 3. HP: 23/26 MP: 2/6
  1686 | D:2      | Found a stormy altar of Qazlal.
  2195 | D:2      | Reached XP level 4. HP: 20/33 MP: 4/8
  2489 | D:2      | Found a runed translucent door.
  2490 | D:2      | Noticed Crazy Yiuf
  2734 | D:3      | Learned a level 3 spell: Stone Arrow
  3023 | D:3      | Noticed a moth of wrath
  3026 | D:3      | Found a bloodstained altar of Trog.
  3679 | D:3      | Reached skill level 4 in Earth Magic
  3909 | D:3      | Reached skill level 1 in Conjurations
  4707 | D:3      | Reached XP level 5. HP: 31/38 MP: 7/9
  5950 | D:4      | Reached XP level 6. HP: 4/45 MP: 4/10
  6386 | D:4      | Noticed Ijyb
  6397 | D:4      | Killed Ijyb
  6812 | D:2      | Killed Crazy Yiuf
  6897 | D:5      | Entered Level 5 of the Dungeon
  7065 | D:5      | Reached skill level 5 in Earth Magic
  7216 | D:5      | Your scales start taking on a dull iron-grey colour.
  7216 | D:5      | Reached skill level 6 in Earth Magic
  7216 | D:5      | Reached XP level 7. HP: 50/50 MP: 11/11
  7216 | D:5      | Gained mutation: You can survive without breathing. [Grey
                  | Draconian growth]
  8025 | D:5      | Reached skill level 7 in Earth Magic
  8201 | D:5      | Reached skill level 5 in Dodging
  8201 | D:5      | Reached XP level 8. HP: 57/57 MP: 5/12
  8754 | D:6      | Noticed Menkaure
  8765 | D:6      | Killed Menkaure
  8765 | D:6      | Reached skill level 5 in Conjurations
  8772 | D:6      | Reached skill level 8 in Earth Magic
  9068 | D:6      | Noticed a hornet
  9075 | D:6      | Killed a hornet
  9175 | D:6      | Found a sacrificial altar of Ru.
  9304 | D:6      | Reached XP level 9. HP: 62/62 MP: 9/13
  9341 | D:6      | Reached skill level 9 in Earth Magic
  9477 | D:6      | Found an opulent altar of Gozag.
  9567 | D:6      | Found a staircase to the Ecumenical Temple.
  9597 | Temple   | Entered the Ecumenical Temple
  9631 | Temple   | Became a worshipper of Sif Muna the Loreminder
 10514 | D:7      | Got a crystal spear
 10598 | D:7      | Identified the +9 spear "Onodwito" {venom, rPois Stlth+}
                  | (You found it on level 7 of the Dungeon)
 10739 | D:7      | Learned a level 5 spell: Lee's Rapid Deconstruction
 11690 | D:7      | Reached skill level 10 in Earth Magic
 11941 | D:8      | Reached * piety under Sif Muna
 11979 | D:8      | Reached XP level 10. HP: 69/69 MP: 4/14
 12048 | D:8      | Noticed Joseph
 12195 | D:8      | Noticed Harold
 12628 | D:8      | Your ally died
 12638 | D:8      | Killed Harold
 12913 | D:8      | Noticed a two-headed ogre
 12918 | D:8      | Killed a two-headed ogre
 12918 | D:8      | Reached skill level 11 in Earth Magic
 13258 | D:9      | Reached skill level 1 in Invocations
 13390 | D:9      | Noticed Pikel
 13395 | D:9      | Killed Pikel
 13602 | D:9      | Found a staircase to the Lair.
 14295 | D:10     | Entered Level 10 of the Dungeon
 14319 | D:10     | Reached ** piety under Sif Muna
 14741 | D:10     | Noticed a gargoyle
 14743 | D:10     | Killed a gargoyle
 14889 | D:10     | Noticed a two-headed ogre
 14897 | D:10     | Killed a two-headed ogre
 14897 | D:10     | Reached XP level 11. HP: 55/74 MP: 2/15
 15150 | D:10     | Reached skill level 12 in Earth Magic
 15253 | Lair:1   | Entered Level 1 of the Lair of Beasts
 16369 | Lair:2   | Found a staircase to the Snake Pit.
 16369 | Lair:2   | Noticed an eight-headed hydra
 16374 | Lair:2   | Killed an eight-headed hydra
 16374 | Lair:2   | Reached skill level 5 in Invocations
 16383 | Lair:2   | Noticed a five-headed hydra
 16498 | Lair:2   | Reached skill level 10 in Conjurations
 16537 | Lair:2   | Killed a five-headed hydra
 16932 | Lair:2   | Noticed Urug
 16946 | Lair:2   | Killed Urug
 16946 | Lair:2   | Reached skill level 10 in Dodging
 17076 | Lair:2   | Reached *** piety under Sif Muna
 17286 | Lair:2   | Reached skill level 13 in Earth Magic
 17357 | Lair:2   | Noticed an eight-headed hydra
 17381 | Lair:2   | Killed an eight-headed hydra
 17381 | Lair:2   | Reached XP level 12. HP: 35/81 MP: 1/16
 17487 | Lair:2   | Learned a level 4 spell: Animate Dead
 17716 | Lair:2   | Reached skill level 1 in Necromancy
 18586 | Lair:3   | Noticed a death yak
 18588 | Lair:3   | Noticed a death yak
 18590 | Lair:3   | Noticed a death yak
 18591 | Lair:3   | Noticed a death yak
 18954 | Lair:3   | Noticed a four-headed hydra
 18987 | Lair:3   | Killed a four-headed hydra
 19008 | Lair:2   | Reached **** piety under Sif Muna
 19546 | Lair:3   | Killed a death yak
 19615 | Lair:3   | Killed a death yak
 19975 | Lair:2   | Killed a death yak
 19975 | Lair:2   | Reached skill level 14 in Earth Magic
 20242 | Lair:3   | Killed a death yak
 20915 | Lair:4   | Found a staircase to the Shoals.
 21320 | Lair:4   | Reached XP level 13. HP: 86/86 MP: 13/19
 21327 | Lair:4   | Reached skill level 5 in Necromancy
 21333 | Lair:4   | Reached skill level 1 in Shields
 22788 | Lair:5   | Reached ***** piety under Sif Muna
 22788 | Lair:5   | Identified Sif Muna's Handbook of Evil (Sif Muna gifted it
                  | to you on level 5 of the Lair of Beasts)
 22788 | Lair:5   | Received a gift from Sif Muna
 23731 | Lair:6   | Entered Level 6 of the Lair of Beasts
 23738 | Lair:6   | Learned a level 5 spell: Borgnjor's Vile Clutch
 23752 | Lair:6   | Found a staircase to the Slime Pits.
 23752 | Lair:6   | Found a viscous altar of Jiyva.
 24037 | Lair:6   | Identified a scroll of acquirement
 24097 | Lair:5   | Reached skill level 10 in Invocations
 24455 | Lair:6   | Reached skill level 15 in Earth Magic
 24971 | Lair:5   | Reached skill level 5 in Shields
 25880 | Lair:5   | Slain by a death yak

Levels and vault maps discovered:
D:1:      lightli_arrival_boilingwater, layout_loops_cross
D:2:      layout_rooms, first_ration, lemuel_altar_in_water,
          uniq_crazy_yiuf_cottage
D:3:      layout_basic, tgw_trog
D:4:      layout_basic, uniq_ijyb
D:5:      layout_basic
D:6:      layout_loops_ring, nicolae_gozag_seed_capital,
          minmay_temple_entry_statues_fountains,
          nicolae_ru_great_annihilating_truth, uniq_menkaure
D:7:      layout_basic, the_bakery, feat_on_display
D:8:      layout_basic, uniq_joseph, uniq_harold
D:9:      layout_loops_ring, lair_entry_dummy, uniq_pikel
D:10:     layout_long_grid
Temple:   nicolae_temple_the_god_donut
Lair:1:   layout_roguey
Lair:2:   kb_forest_paths, layout_gridlike, uniq_urug
Lair:3:   layout_gridlike
Lair:4:   layout_loops_ring, elwin_shoals_entry_rooms, infiniplex_staircase_pool
Lair:5:   layout_cave_pods, minivault_19, serial_bayou_shore_b,
          grunt_megastairs_3
Lair:6:   cheibrodos_lair_end_hotspot, layout_concentric_octagons, slime_altar_1

Skill      XL: |  1  2  3  4  5  6  7  8  9 10 11 12 13 |
---------------+----------------------------------------+-----
Dodging        | 2 3 4 5 6 7 9 10 11 | 11.0
Spellcasting   | 3 |  3.0
Earth Magic    | 4 6 7 8 10 11 13 14 15 | 15.4
Conjurations   | 1 2 3 4 6 7 9 10 | 10.5
Invocations    | 3 6 8 10 | 10.0
Necromancy     | 4 7 |  7.6
Shields        | 5 |  5.7
Stealth        | |  1.8
Transmutations | |  1.0

Action                   |  1- 3 |  4- 6 |  7- 9 | 10-12 | 13-15 || total
-------------------------+-------+-------+-------+-------+-------++-------
Melee: Unarmed           |    59 |     3 |       |       |       ||    62
       Tailslap          |     9 |    21 |    24 |    16 |     3 ||    73
       Dagger            |    70 |   212 |   162 |       |       ||   444
       Spear             |       |       |    66 |   250 |    38 ||   354
 Cast: Sandblast         |    28 |    42 |    44 |   105 |   150 ||   369
       Stone Arrow       |       |    14 |    53 |   180 |    65 ||   312
       Lee's Rapid Decon |       |       |     2 |    13 |    11 ||    26
       Animate Dead      |       |       |       |     1 |     6 ||     7
       Borgnjor's Vile C |       |       |       |       |    17 ||    17
Invok: Channel Magic     |       |       |       |     2 |     2 ||     4
Evoke: Wand              |       |       |     4 |    16 |     4 ||    24
       Lamp of fire      |       |       |       |     1 |     1 ||     2
  Use: Scroll            |     4 |     1 |     5 |     5 |     5 ||    20
       Potion            |       |       |     1 |       |    10 ||    11
 Stab: Sleeping          |     2 |     2 |     5 |     7 |       ||    16
       Paralysed         |       |       |     1 |       |       ||     1
       Distracted        |       |       |       |     1 |     1 ||     2
  Eat: Chunk             |     4 |    15 |    17 |    43 |    15 ||    94
       Ration            |       |     1 |     1 |     3 |     4 ||     9
Armor: Skin              |    44 |    63 |    73 |   140 |    37 ||   357
Dodge: Dodged            |   103 |   182 |   170 |   306 |   137 ||   898
Block: Buckler           |       |       |       |     1 |    32 ||    33
